 Dungeon Crawl Stone Soup version 0.28-a0-1447-ga5a8893891 (webtiles) character file.

Game seed: 12125115877115362958

21 Strat the Magician (level 3, -1/24 HPs)
             Began as a Human Hedge Wizard on Jan 11, 2022.
             Succumbed to an adder's poison
             ... on level 1 of the Dungeon.
             The game lasted 00:02:33 (1127 turns).

Strat the Magician (Human Hedge Wizard)             Turns: 1127, Time: 00:02:34

Health: -1/24      AC:  2    Str: 10    XL:     3   Next: 2%
Magic:  0/7        EV: 12    Int: 16    God:
Gold:   18         SH:  0    Dex: 12    Spells: 3/8 levels left

rFire   . . .      SeeInvis .   b - +0 hunting sling
rCold   . . .      Faith    .   (no shield)
rNeg    . . .      Spirit   .   k - +0 robe
rPois   .          Reflect  .   c - +0 hat
rElec   .          Harm     .   (no cloak)
rCorr   .          Rampage  .   (no gloves)
Will    .....                   (no boots)
Stlth   ++........              (no amulet)
HPRegen 0.08/turn               (no ring)
MPRegen 0.10/turn               (no ring)

@: lethally poisoned (-1 -> -14)
A: no striking features
a: no special abilities


You were on level 1 of the Dungeon.
You visited 1 branch of the dungeon, and saw 2 of its levels.

You collected 18 gold pieces.

Inventory:

Hand Weapons
 a - a +0 dagger
 b - a +0 hunting sling (weapon)
Missiles
 f - 23 stones (quivered ammo)
Armour
 c - a +0 hat (worn)
 k - a +0 robe (worn)
Scrolls
 h - a scroll of enchant weapon {unknown}
 j - a scroll of identify {unknown}
Potions
 d - a potion of lignification {unknown}
 e - 2 potions of heal wounds {unknown}
 g - 2 potions of curing {unknown}
 i - 2 potions of attraction {unknown}


   Skills:
 - Level 2.0 Dodging
 - Level 2.0 Stealth
 - Level 3.0 Spellcasting
 + Level 2.3 Conjurations
 + Level 1.2 Summonings
 + Level 1.2 Translocations


You had 3 spell levels left.
You knew the following spells:

 Your Spells              Type           Power      Damage    Failure   Level
a - Magic Dart            Conj           40%        1d5       7%          1
b - Blink                 Tloc           12%        N/A       17%         2
c - Call Imp              Summ           6%         N/A       17%         2

Your spell library contained the following spells:

 Spells                   Type           Power      Damage    Failure   Level
 Slow                     Hex            8%         N/A       19%         1
 Conjure Flame            Conj/Fire      6%         6-21      34%         3
 Mephitic Cloud           Conj/Pois/Air  4%         N/A       38%         3


Dungeon Overview and Level Annotations

Branches:
Dungeon (2/15)

Altars:


Message History

Casting: Call Imp (safe; 17% risk of failure)
Confirm with . or Enter, or press ? or * to list all spells.
You don't have enough magic to cast this spell.
The adder bites you.
* * * LOW HITPOINT WARNING * * *
The adder completely misses you. The worm bites you.
* * * LOW HITPOINT WARNING * * *
Your crimson imp hits the adder.
The adder bites you.
* * * LOW HITPOINT WARNING * * *
Something bites your crimson imp.
There is a stone staircase leading up here.
The adder bites you.
* * * LOW HITPOINT WARNING * * *
Your crimson imp hits the adder.
You climb upwards.
There is a stone staircase leading down here.
Casting: Call Imp (safe; 17% risk of failure)
Confirm with . or Enter, or press ? or * to list all spells.
You blink.
Casting: Blink (safe; 17% risk of failure)
Confirm with . or Enter, or press ? or * to list all spells.
You don't have enough magic to cast this spell.
You feel stable enough to blink again. The adder closely misses you.
Casting: Blink (safe; 17% risk of failure)
Confirm with . or Enter, or press ? or * to list all spells.
A beastly little devil appears in a puff of flame.
The adder bites you.
* * * LOW HITPOINT WARNING * * *
You are poisoned.
The adder poisons you!
You feel sick. The adder bites you.
* * * LOW HITPOINT WARNING * * *
You are lethally poisoned!
The adder poisons you! The adder bites you.
* * * LOW HITPOINT WARNING * * *
You are more poisoned.
The adder poisons you!
You die...

#.# #.###.#####.###.#.##PP≈# #
#.# #.##.#.#........#≈≈P##.# #
#.###...###..##.#####P≈≈##.###
#........#.........##≈P≈......
###.#.#.#.#####.##.###########
#.#.#.### #.##.# #.# #.
#.#.#.# ###S##.# #.# #.
#.#.#.## #5.....# #.# #.
#.#...÷####@###..####.# #.
#.#.........# #.......# #.
#.##...####.###..###### #.
#.###.## #......# #. #.# #.#
###.##.# #. #.###.#######.##.#
#. #.............##.# #.
####.............##########.
#.#.#########............


You could see an adder (ally target) and a friendly crimson imp (summoned).

Vanquished Creatures
  2 ball pythons (D:1)
  2 goblins (D:1)
  4 hobgoblins (D:1)
  4 kobolds (D:1)
  A quokka (D:1)
  2 bats (D:1)
  2 frilled lizards (D:1)
  3 rats (D:1)
20 creatures vanquished.

Vanquished Creatures (others)
  4 plants (D:1)
4 creatures vanquished.

Grand Total: 24 creatures vanquished

Notes
Turn   | Place    | Note
-------+----------+-------------------------------------------
     0 | D:1      | Strat the Human Hedge Wizard began the quest for the Orb.
     0 | D:1      | Reached XP level 1. HP: 13/13 MP: 4/4
   149 | D:1      | Reached XP level 2. HP: 19/19 MP: 3/6
   285 | D:1      | Learned a level 2 spell: Blink
   288 | D:1      | Learned a level 2 spell: Call Imp
   893 | D:1      | Reached XP level 3. HP: 24/24 MP: 7/7
  1127 | D:1      | Succumbed to an adder's poison

Illustrated notes

Levels and vault maps discovered:
D:1:      psy_arrival_conway, layout_loops_ring
D:2:      layout_basic, minmay_crystal_room

Skill      XL: |  1  2 |
---------------+-------+-----
Conjurations   | 2 |  2.3
Dodging        | |  2.0
Stealth        | |  2.0
Spellcasting   | |  3.0
Summonings     | |  1.2
Translocations | |  1.2

Action                   || total
-------------------------++-------
Melee: Dagger            ||     9
 Fire: Hunting sling     ||     9
 Cast: Magic Dart        ||    36
       Call Imp          ||     3
       Blink             ||     2
Armor: Robe              ||     4
Dodge: Dodged            ||    15

Table legend: (Time is in decaauts)
 A = Elapsed time spent in this place.
 B = Non-inter-level travel time spent in this place.
 C = Inter-level travel time spent in this place.
 D = Time resting spent in this place.
 E = Time spent auto-exploring this place.
 F = Levels seen in this place.
 G = Mean time per level.
                   A        B        C        D        E       F      G
               +--------+--------+--------+--------+--------+-----+--------+
         Total |   1132 |   1111 |     21 |    237 |    680 |   2 |  566.0 |
       Dungeon |   1132 |   1111 |     21 |    237 |    680 |   2 |  566.0 |
               +--------+--------+--------+--------+--------+-----+--------+

Top non-repeatable levels by time:
     D:1: 1102 daAuts
     D:2: 30 daAuts
